AoeStats
← 大王同学

Arena

503839889Analyzed
4v4 RM · 28d ago on Sep 2, 2026· 71m 37s· 8 players
Game mode
Random Map
Map size
Large (8 player)
Population
200
Speed
Normal
Resources
Standard
Victory
Conquest
Starting age
Dark Age
Ending age
Imperial Age
RankedLock teamsTeams togetherTeam positionsShared explorationLock speedFull tech treeHidden civsTurbo modeCheats
Victory
Defeat
🇭🇰 Inca · Hong Kong SAR China
1228
+12
🇨🇳 Franks · China
1210
+13
1183
+14
🇨🇳 Vietnamese · China
1136
+16
🇨🇳 Franks · China
1171
-15
🇹🇼 Persians · Taiwan
1156
-14
🇹🇼 Turks · Taiwan
1147
-14
🇹🇼 Mongols · Taiwan
1097
-12
tommeng12359
13:05 Feudal Age
17:36 Castle Age
16:11 Double-Bit Axe
16:08 Horse Collar
18:28 Wheelbarrow
23:23 Imperial Age
21:05 Gold Mining
22:41 Padded Archer Armor
23:48 Ballistics
25:05 Leather Archer Armor
26:19 Bow Saw
32:00 Two-Man Saw
32:22 Heavy Plow
36:36 Ring Archer Armor
39:20 Loom
39:52 Hand Cart
40:15 Gold Shaft Mining
40:21 Stone Mining
42:43 Fortified Wall
42:14 Treadmill Crane
43:05 Conscription
43:38 Guilds
43:29 Caravan
44:49 Fletching
46:10 Murder Holes
46:26 Masonry
46:12 Bodkin Arrow
47:02 Hoardings
50:45 Scale Barding Armor
50:51 Forging
50:28 Town Watch
50:25 Sappers
51:11 Elite Janissary
52:15 Husbandry
52:26 Bloodlines
52:54 Iron Casting
53:07 Coinage
53:37 Chain Barding Armor
57:12 Blast Furnace
56:51 Plate Barding Armor
60:25 Bracer
mm巧克力
2:35 Loom
10:55 Feudal Age
15:50 Castle Age
15:21 Double-Bit Axe
21:15 Horse Collar
22:39 Heavy Plow
29:42 Bow Saw
58:35 Imperial Age
56:42 Wheelbarrow
59:55 Fletching
60:05 Padded Archer Armor
61:08 Hand Cart
60:52 Elite Skirmisher
61:11 Pikeman
61:52 Squires
64:33 Two-Man Saw
Ken
10:48 Feudal Age
15:23 Castle Age
13:41 Double-Bit Axe
16:42 Bow Saw
22:50 Loom
26:12 Wheelbarrow
30:26 Imperial Age
29:16 Husbandry
31:03 Scale Barding Armor
31:09 Forging
30:50 Fletching
30:34 Light Cavalry
31:58 Conscription
32:48 Chain Barding Armor
34:09 Iron Casting
34:05 Cavalier
35:10 Hand Cart
36:45 Chivalry
37:29 Gold Mining
37:29 Stone Mining
38:51 Gold Shaft Mining
40:06 Plate Barding Armor
40:32 Blast Furnace
39:47 Fletching
39:58 Scale Mail Armor
39:47 Paladin
42:14 Chemistry
41:10 Murder Holes
41:35 Ballistics
44:56 Bodkin Arrow
70:19 Padded Archer Armor
椰子
11:41 Feudal Age
15:20 Castle Age
14:53 Double-Bit Axe
14:51 Horse Collar
21:58 Bow Saw
21:50 Heavy Plow
22:27 Loom
23:18 Wheelbarrow
29:50 Scale Barding Armor
30:10 Hand Cart
31:53 Fletching
32:30 Ballistics
32:36 Bodkin Arrow
33:40 Husbandry
33:51 Bloodlines
35:45 Padded Archer Armor
38:22 Imperial Age
37:22 Leather Archer Armor
37:32 Masonry
37:20 Murder Holes
39:06 Bracer
40:09 Chemistry
39:14 Siege Engineers
39:35 Conscription
38:44 Elite Mangudai
40:33 Thumb Ring
40:53 Parthian Tactics
40:49 Fortified Wall
41:52 Parthian Tactics
41:47 Nomads
45:26 Light Cavalry
46:53 Chain Barding Armor
46:14 Hussar
50:24 Forging
58:12 Town Watch
62:51 Heavy Scorpion
65:49 Town Patrol
大王同学
11:29 Feudal Age
15:15 Castle Age
13:43 Double-Bit Axe
13:38 Horse Collar
14:29 Loom
15:18 Gold Mining
15:07 Champi Runner
16:43 Scale Mail Armor
16:32 Champi Warrior
17:56 Squires
19:33 Forging
22:33 Chain Mail Armor
23:22 Arson
26:21 Iron Casting
26:53 Bow Saw
27:04 Heavy Plow
28:27 Wheelbarrow
29:58 Pikeman
39:37 Stone Mining
41:09 Hand Cart
40:40 Town Watch
44:09 Imperial Age
42:32 Fletching
42:42 Padded Archer Armor
44:40 Gold Shaft Mining
44:41 Stone Shaft Mining
43:28 Elite Skirmisher
44:14 Thumb Ring
44:07 Bodkin Arrow
44:27 Leather Archer Armor
44:42 Ballistics
44:33 Masonry
44:29 Andean Sling
44:35 Andean Sling
44:31 Imperial Skirmisher
45:40 Bracer
46:42 Chemistry
47:27 Ring Archer Armor
47:52 Conscription
48:21 Plate Mail Armor
47:59 Siege Engineers
49:21 Blast Furnace
47:45 Halberdier
49:27 Fabric Shields
50:55 Elite Champi Warrior
51:00 Elite Kamayuk
53:26 Hoardings
52:52 Murder Holes
52:40 Treadmill Crane
57:42 Elite Champi Warrior
65:05 Caravan
69:07 Capped Ram
哭稀饭(2125613428)
10:58 Feudal Age
15:13 Castle Age
13:23 Double-Bit Axe
14:36 Horse Collar
16:20 Bow Saw
23:30 Wheelbarrow
25:04 Hand Cart
25:29 Heavy Plow
25:54 Gold Mining
30:18 Imperial Age
29:46 Husbandry
29:58 Bloodlines
29:54 Scale Barding Armor
31:12 Chain Barding Armor
31:02 Forging
30:23 Cavalier
32:51 Crop Rotation
33:23 Two-Man Saw
31:51 Paladin
34:14 Plate Barding Armor
34:15 Iron Casting
35:04 Fletching
38:34 Conscription
38:15 Tower Shields
39:33 Coinage
39:15 Guilds
38:43 Elite Skirmisher
39:29 Thumb Ring
39:31 Squires
38:52 Pikeman
39:18 Arson
40:31 Halberdier
41:13 Bodkin Arrow
41:18 Imperial Skirmisher
42:38 Banking
42:09 Bracer
42:10 Padded Archer Armor
44:34 Chemistry
43:54 Ballistics
50:26 Leather Archer Armor
50:12 Scale Mail Armor
52:46 Chain Mail Armor
53:02 Ring Archer Armor
55:22 Fortified Wall
55:22 Masonry
59:10 Architecture
60:58 Devotion
61:26 Light Cavalry
62:30 Loom
63:53 Winged Hussar
方霍霍
12:56 Feudal Age
13:03 Loom
17:12 Castle Age
20:38 Double-Bit Axe
21:50 Fletching
22:00 Padded Archer Armor
22:28 Horse Collar
23:43 Fortified Wall
24:40 Elite Skirmisher
25:26 Thumb Ring
25:57 Bodkin Arrow
27:39 Ballistics
27:47 Leather Archer Armor
44:56 Wheelbarrow
44:06 Town Watch
44:06 Loom
43:56 Crossbowman
49:52 Hand Cart
54:27 Imperial Age
54:23 Pikeman
55:04 Squires
54:29 Elite Fire Lancer
65:01 Forging
64:51 Scale Mail Armor
68:51 Chain Mail Armor
69:11 Iron Casting
70:11 Plate Mail Armor
Wosnwbwk
10:50 Feudal Age
12:55 Loom
15:55 Castle Age
14:27 Double-Bit Axe
19:21 Bow Saw
19:03 Gold Mining
22:45 Wheelbarrow
24:03 Gold Shaft Mining
25:28 Hand Cart
27:25 Scale Barding Armor
27:32 Forging
30:22 Imperial Age
29:37 Chain Barding Armor
31:15 Iron Casting
31:41 Plate Barding Armor
30:58 Cavalier
32:01 Stone Mining
33:30 Blast Furnace
34:40 Paladin
38:59 Husbandry
39:37 Town Watch
42:13 Pikeman
42:39 Gambesons
42:54 Squires
43:16 Conscription
43:22 Halberdier
45:23 Fortified Wall
45:41 Town Patrol
47:06 Chivalry
54:41 Light Cavalry
59:59 Scale Mail Armor
61:48 Chain Mail Armor
63:17 Plate Mail Armor
65:18 Chemistry
64:25 Siege Engineers
Connection lost

Rejoining the realm…

Still unreachable

The connection could not be restored.

Session expired

The server has moved on; the page needs a fresh start.